 Dungeon Crawl Stone Soup version 0.27-a0-1359-ga2a4dfd6fd (webtiles) character file.

Game seed: 11939162917228190369

14 basicallysejuani the Vexing (level 2, -2/23 HPs)
             Began as a Gnoll Arcane Marksman on June 29, 2021.
             Slain by a quokka (4 damage)
             ... on level 1 of the Dungeon.
             The game lasted 00:04:20 (679 turns).

basicallysejuani the Vexing (Gnoll Arcane Marksman)  Turns: 679, Time: 00:04:20

Health: -2/23      AC:  2    Str:  7 (9)  XL:     2   Next: 41%
Magic:  5/5        EV: 13    Int: 10 (12) God:
Gold:   17         SH:  0    Dex: 11 (12) Spells: 5/6 levels left

rFire    . . .     SeeInvis .   b - +0 dagger
rCold    . . .     Faith    .   (no shield)
rNeg     . . .     Spirit   .   a - +0 robe
rPois    .         Reflect  .   (no helmet)
rElec    .         Harm     .   (no cloak)
rCorr    .         Rampage  .   (no gloves)
Will     .....                  (no boots)
Stlth    +.........             (no amulet)
HPRegen  0.07/turn              (no ring)
MPRegen  0.09/turn              (no ring)

@: no status effects
A: fangs 1, strong nose, distributed training
a: no special abilities


You were on level 1 of the Dungeon.
You visited 1 branch of the dungeon, and saw 1 of its levels.

You collected 17 gold pieces.

Inventory:

Hand Weapons
 b - a +0 dagger (weapon)
Missiles
 c - 2 throwing nets
 e - a javelin (quivered)
Armour
 a - a +0 robe (worn)


   Skills:
 + Level 2.5 Fighting
 + Level 0.4 Short Blades
 + Level 0.4 Long Blades
 + Level 0.4 Axes
 + Level 0.4 Maces & Flails
 + Level 0.4 Polearms
 + Level 0.4 Staves
 + Level 0.4 Slings
 + Level 0.4 Bows
 + Level 0.4 Crossbows
 + Level 4.5 Throwing
 + Level 0.4 Armour
 + Level 4.5 Dodging
 + Level 0.4 Stealth
 + Level 0.4 Shields
 + Level 0.4 Unarmed Combat
 + Level 2.7 Spellcasting
 + Level 0.2 Conjurations
 + Level 5.3 Hexes
 + Level 0.2 Summonings
 + Level 0.2 Necromancy
 + Level 0.2 Translocations
 + Level 0.2 Transmutations
 + Level 0.2 Fire Magic
 + Level 0.2 Ice Magic
 + Level 0.2 Air Magic
 + Level 0.2 Earth Magic
 + Level 0.2 Poison Magic
 + Level 0.5 Invocations
 + Level 0.4 Evocations


You had 5 spell levels left.
You knew the following spells:

 Your Spells              Type           Power      Damage    Failure   Level
a - Corona                Hex            13%        N/A       3%          1

Your spell library contained the following spells:

 Spells                   Type           Power      Damage    Failure   Level
 Slow                     Hex            12%        N/A       4%          2
 Inner Flame              Hex/Fire       7%         N/A       26%         3
 Portal Projectile        Hex/Tloc       14%        N/A       26%         3
 Cause Fear               Hex            6%         N/A       32%         4
 Leda's Liquefaction      Hex/Erth       3%         N/A       65%         4


Dungeon Overview and Level Annotations

Branches:
Dungeon (1/15)

Altars:


Innate Abilities, Weirdness & Mutations

You have very sharp teeth.
Your uncanny sense of smell can sniff out nearby items.
Your experience applies equally to all skills.


Message History

The rat bites you.
* * * LOW HITPOINT WARNING * * *
It was a potion of degeneration.
There was something very wrong with that liquid.
You feel weakened.
You feel dopey.
You feel clumsy.
The rat twitches its whiskers.
The rat misses you.
You hit the rat.
You kill the rat!
You barely miss the quokka. The quokka bites you.
* * * LOW HITPOINT WARNING * * *
You closely miss the quokka. Your bite misses the quokka.
The quokka barely misses you. The quokka misses you.
The quokka closely misses you.
A frilled lizard comes into view.
The frilled lizard moves out of view.
A frilled lizard comes into view.
The quokka bites you.
* * * LOW HITPOINT WARNING * * *
The frilled lizard hisses angrily.
The kobold throws a stone.
The stone hits you but does no damage.
The frilled lizard bites you but does no damage.
You hit the frilled lizard.
The frilled lizard is heavily wounded.
The quokka bites you but does no damage.
The frilled lizard barely misses you.
You barely miss the frilled lizard.
The frilled lizard is heavily wounded.
The quokka closely misses you.
The frilled lizard completely misses you.
You miss the frilled lizard.
You bite the frilled lizard, but do no damage.
The frilled lizard is heavily wounded.
The quokka bites you but does no damage.
The quokka closely misses you. The frilled lizard barely misses you.
You hit the frilled lizard.
You kill the frilled lizard!
The kobold misses you. The quokka bites you.
You die...

#.###...#
#.......###
#.#####...### .#
#.$........(# ...
#.⌠.⌠.#...#†# #.#.
..$.[.#.#.#.#
#....#####.#...#.#
#.....K..#..##.#
#..@r..#..##K#
#####.....##.#
#####....# ######


You could see a quokka and a kobold.

Vanquished Creatures
  2 giant cockroaches (D:1)
  A goblin (D:1)
  2 hobgoblins (D:1)
  4 ball pythons (D:1)
  A bat (D:1)
  2 frilled lizards (D:1)
  A kobold (D:1)
  A rat (D:1)
14 creatures vanquished.

Notes
Turn   | Place    | Note
-------+----------+-------------------------------------------
     0 | D:1      | basicallysejuani the Gnoll Arcane Marksman began the quest
                  | for the Orb.
     0 | D:1      | Reached XP level 1. HP: 17/17 MP: 4/4
   191 | D:1      | Reached XP level 2. HP: 8/23 MP: 5/5
   673 | D:1      | HP: 1/23 [quokka (3)]
   679 | D:1      | Slain by a quokka

Illustrated notes

Levels and vault maps discovered:
D:1:      shiori_arrival_elements, layout_basic,
          hellmonk_ecumenical_altar_run_dry, serial_forest,
          infiniplex_forest_end_3, infiniplex_forest_lined_1,
          infiniplex_forest_lined_3, infiniplex_forest_clump_double,
          infiniplex_forest_lined_corner, infiniplex_forest_clump_tiny,
          minmay_pentomino_o4

Action                   || total
-------------------------++-------
Melee: Dagger            ||    68
       Unarmed           ||     5
       Bite              ||     5
Throw: Javelin           ||    11
  Use: Potion            ||     1
Armor: Robe              ||    23
Dodge: Dodged            ||    63

Table legend: (Time is in decaauts)
 A = Elapsed time spent in this place.
 B = Non-inter-level travel time spent in this place.
 C = Inter-level travel time spent in this place.
 D = Time resting spent in this place.
 E = Time spent auto-exploring this place.
 F = Levels seen in this place.
 G = Mean time per level.
                   A        B        C        D        E       F      G
               +--------+--------+--------+--------+--------+-----+--------+
         Total |    680 |    659 |     21 |    336 |    165 |   1 |  680.0 |
       Dungeon |    680 |    659 |     21 |    336 |    165 |   1 |  680.0 |
               +--------+--------+--------+--------+--------+-----+--------+

Top non-repeatable levels by time:
     D:1: 680 daAuts
